 Dungeon Crawl Stone Soup version 0.32-a0-39-g5c88369fb2 (webtiles) character file.

Game seed: 6871107244789709316

123 Conn the Sneak (level 5, -6/31 HPs)
             Began as an Octopode Fire Elementalist on Feb 4, 2024.
             Was an Initiate of Sif Muna.
             Mangled by a mummy (14 damage)
             ... in an ossuary.
             The game lasted 00:05:05 (1512 turns).

Conn the Sneak (Octopode Fire Elementalist)         Turns: 1512, Time: 00:05:05

Health: -6/31      AC:  1    Str:  7    XL:     5   Next: 7%
Magic:  1/8        EV: 18    Int: 19    God:    Sif Muna [......]
Gold:   42         SH:  0    Dex: 13    Spells: 3/9 levels left

rFire   . . .        g - +0 battleaxe
rCold   . . .        (shield currently unavailable)
rNeg    . . .        (helmet restricted)
rPois   .            (no amulet)
rElec   .            d - +5 ring of evasion
rCorr   .            (no ring)
SInv    .            (no ring)
Will    +....        (no ring)
Stlth   +++          (no ring)
HPRegen 0.25/turn    (no ring)
MPRegen 0.11/turn    (no ring)
                     (no ring)

%: no passive effects
@: enlightened, flying
A: almost no armour, amphibious, 8 rings, camouflage 1, gelatinous body 1,
(nimble swimmer 1), tentacles
a: Renounce Religion


You were in an ossuary.
You worshipped Sif Muna.
Sif Muna was noncommittal.
You visited 2 branches of the dungeon, and saw 4 of its levels.
You also visited: Ossuary.

You collected 124 gold pieces.
You spent 82 gold pieces at shops.

Inventory:

Hand Weapons
 b - a +0 dagger
 g - a +0 battleaxe (weapon)
Jewellery
 d - a +5 ring of evasion (left tentacle)
Talismans
 i - a dragon-blood talisman
Scrolls
 e - 2 scrolls of teleportation
 f - a scroll of enchant armour
 j - a scroll of blinking
Potions
 a - a potion of magic
 h - a potion of degeneration {unknown}


   Skills:
 + Level 2.5 Dodging
 + Level 3.7 Stealth
 + Level 2.5 Spellcasting
 * Level 2.2 Conjurations
 * Level 1.5 Hexes
 + Level 3.4 Fire Magic
 * Level 0.7 Invocations


You had 3 spell levels left.
You knew the following spells:

 Your Spells              Type           Power      Damage    Failure   Level
a - Foxfire               Conj/Fire      52%        2x1d6     4%          1
b - Scorch                Fire           30%        2d6       6%          2
c - Inner Flame           Hex/Fire       11%        N/A       17%         3

Your spell library contained the following spells:

 Spells                   Type           Power      Damage    Failure   Level
 Volatile Blastmotes      Fire/Tloc      16%        2d11      24%         3
 Flame Wave               Conj/Fire      13%        2d6       45%         4
 Vhi's Electric Charge    Tloc/Air       4%         N/A       85%         4
 Arcjolt                  Conj/Air       3%         1d13      96%         5
 Maxwell's Capacitive Co  Air            1%         ∞         100%        8


Dungeon Overview and Level Annotations

Branches:
Dungeon (4/15)             Temple (1/1) D:4         Ossuary (1/1)

Altars:
Ashenzari
Dithmenos
Elyvilon
Fedhas
Hepliaklqana
Kikubaaqudgha
Makhleb
Okawaru
Qazlal
Ru
Sif Muna
Trog
Uskayaw
Wu Jian
Xom
Yredelemnul
The Shining One

Shops:
D:2 ?

Annotations:
D:4 3 runed translucent doors, Drangen's ghost, novice GnHu; YordlordTheGreat's ghost, amateur HuCA; none10's ghost, amateur HOFi


Innate Abilities, Weirdness & Mutations

You cannot wear most types of armour.
You are amphibious.
You can wear up to eight rings at the same time.
Your skin changes colour to match your surroundings (Stealth+).
Your rubbery body absorbs attacks. (AC +1, EV +1)
((You are camouflaged when in or above water. (Stealth+)))
You have tentacles for arms and can constrict up to eight enemies at once.


Message History

Unknown command.
Casting: Foxfire (safe; 4% risk of failure)
Confirm with . or Enter, or press ? or * to list all spells.
You conjure some foxfire!
The foxfire hits the mummy!
The mummy is burned terribly!
The mummy is moderately damaged.
The foxfire hits the mummy but does no damage.
The mummy is moderately damaged.
You barely miss the mummy. Your grab misses the mummy.
The mummy is moderately damaged.
The foxfire hits the mummy.
The mummy is burned terribly!
The mummy is severely damaged.
The foxfire hits the mummy.
The mummy is burned terribly!
The mummy is almost destroyed.
The mummy hits you!
Unknown command.
You barely miss the mummy. You grab the mummy.
The mummy is almost destroyed.
You constrict the mummy, but do no damage.
The mummy misses you.
Unknown command.
You barely miss the mummy.
The mummy is almost destroyed.
You constrict the mummy, but do no damage.
The mummy hits you!
* * * LOW HITPOINT WARNING * * *
Unknown command.
Unknown command.
Unknown command.
Okay, then.
Unknown command.
Okay, then.
Unknown command.
Unknown command.
It was a potion of enlightenment.
You feel very buoyant.
You fly up into the air.
You constrict the mummy, but do no damage.
The mummy hits you!
You die...

#......#
#....#
#....#
#....#
#....#
#....#
#....#
#MM..#
#.@..#
#.∩∩.#
######


You could see 2 mummies.

Vanquished Creatures
  A sleepcap (D:4)
  3 mummies (Ossuary)
  An adder (D:2)
  2 dart slugs
  2 endoplasms
  A giant cockroach (D:4)
  A gnoll zombie (Ossuary)
  2 goblins
  6 hobgoblins
  7 jackals
  3 quokkas
  2 ball pythons
  A bat (D:1)
  A frilled lizard (D:1)
  A hobgoblin zombie (Ossuary)
  3 kobolds
  2 kobold zombies (Ossuary)
  4 orc zombies (Ossuary)
  5 rats
48 creatures vanquished.

Vanquished Creatures (others)
  145 foxfires
145 creatures vanquished.

Grand Total: 193 creatures vanquished

Notes
Turn   | Place    | Note
-------+----------+-------------------------------------------
     0 | D:1      | Conn the Octopode Fire Elementalist began the quest for the
                  | Orb.
     0 | D:1      | Reached XP level 1. HP: 11/11 MP: 3/3
   281 | D:1      | Reached XP level 2. HP: 17/17 MP: 0/5
   588 | D:1      | Reached XP level 3. HP: 21/21 MP: 3/6
   657 | D:1      | Learned a level 2 spell: Scorch
   661 | D:1      | Learned a level 3 spell: Inner Flame
   787 | D:2      | Found Emagux's Magic Scroll Shop.
   867 | D:2      | Bought a scroll of blinking for 82 gold pieces
   898 | D:2      | You fall into a shaft and drop 2 floors!
   915 | D:4      | Found a staircase to the Ecumenical Temple.
   926 | Temple   | Entered the Ecumenical Temple
   941 | Temple   | Became a worshipper of Sif Muna the Loreminder
   981 | D:4      | Reached skill level 1 in Hexes
   981 | D:4      | Reached XP level 4. HP: 27/27 MP: 0/7
  1176 | D:4      | Found a runed translucent gate.
  1183 | D:4      | Found a runed translucent gate.
  1183 | D:4      | Found a runed translucent gate.
  1184 | D:4      | Noticed Drangen's ghost (novice GnHu)
  1184 | D:4      | Noticed none10's ghost (amateur HOFi)
  1185 | D:4      | Noticed YordlordTheGreat's ghost (amateur HuCA)
  1261 | D:4      | Found a sand-covered staircase.
  1266 | Ossuary  | Entered an ossuary
  1493 | Ossuary  | Reached XP level 5. HP: 31/31 MP: 0/8
  1512 | Ossuary  | Mangled by a mummy

Illustrated notes

Levels and vault maps discovered:
D:1:      dpeg_arrival_shelter, layout_rooms, grunt_decor_clamped,
          minmay_pentomino_u2
D:2:      layout_rooms, serial_shops, shop, uniq_terence
D:4:      minmay_goblin_kobold_castle, layout_loops_cross, temple_pool_b,
          enter_ossuary_2, gammafunk_ghost_cemetery, uniq_edmund, uniq_grinder
Temple:   bh_familiar_temple
Ossuary:  ossuary_tomb_3

Skill      XL: |  1  2  3 |
---------------+----------+-----
Stealth        | 3 |  3.7
Conjurations   | 2 |  2.2
Hexes          | 1 |  1.5
Dodging        | |  2.5
Spellcasting   | |  2.5
Fire Magic     | |  3.4
Invocations    | |  0.7

Action                     |  1- 3 |  4- 6 || total
---------------------------+-------+-------++-------
  Melee: Dagger            |    26 |       ||    26
         Constrict         |     7 |     4 ||    11
         Tentacles         |     4 |     1 ||     5
         Battleaxe         |       |     9 ||     9
         Punch             |       |     1 ||     1
   Cast: Foxfire           |    56 |    27 ||    83
         Scorch            |       |     1 ||     1
    Use: Scroll            |     4 |       ||     4
         Potion            |       |     1 ||     1
   Stab: Sleeping          |     1 |     1 ||     2
 Armour: Skin              |     5 |     6 ||    11
  Dodge: Dodged            |    24 |     9 ||    33

Table legend: (Time is in decaauts)
 A = Elapsed time spent in this place.
 B = Non-inter-level travel time spent in this place.
 C = Inter-level travel time spent in this place.
 D = Time resting spent in this place.
 E = Time spent auto-exploring this place.
 F = Levels seen in this place.
 G = Mean time per level.
                   A        B        C        D        E       F      G
               +--------+--------+--------+--------+--------+-----+--------+
         Total |   1516 |   1494 |     22 |      0 |    760 |   5 |  303.2 |
       Dungeon |   1238 |   1216 |     22 |      0 |    608 |   3 |  412.7 |
        Temple |     29 |     29 |      0 |      0 |      0 |   1 |   29.0 |
       Ossuary |    248 |    248 |      0 |      0 |    152 |   1 |  248.0 |
               +--------+--------+--------+--------+--------+-----+--------+

Top non-repeatable levels by time:
     D:1: 786 daAuts
     D:4: 341 daAuts
 Ossuary: 248 daAuts
     D:2: 110 daAuts
  Temple: 29 daAuts
